 Dungeon Crawl Stone Soup version 0.22.0 (webtiles) character file.

15344 Lew the Cleaver (level 12, -1/77 HPs)
             Began as a Gargoyle Fighter on Aug 11, 2018.
             Was a Priest of Ashenzari.
             Slain by a 16-headed hydra (4 damage)
             ... on level 12 of the Dungeon.
             The game lasted 00:51:13 (10981 turns).

Lew the Cleaver (Gargoyle Fighter)                 Turns: 10981, Time: 00:51:14

Health: -1/77      AC: 32    Str: 30    XL:     12   Next: 26%
Magic:  12/12      EV:  8    Int: 11    God:    Ashenzari [***...]
Gold:   1227       SH: 18    Dex: 14    Spells: 11/11 levels left

rFire    + + .     SeeInvis +   t - +6 hand axe of Watchfulness {freeze, MR- Str+8}
rCold    x . .     Gourm    .   p - +0 shield (curse)
rNeg     + . .     Faith    .   M - +0 plate armour of Qilueruo {Slay+4} (curse)
rPois    ∞         Spirit   .   d - +2 helmet (curse)
rElec    +         Reflect  .   x - +1 cloak "Xeerghac" {rF+}
rCorr    +         Harm     .   j - +0 pair of gloves
MR       .....     Clarity  +   n - +0 pair of boots
Stlth    ..........             y - amulet of the acrobat
HPRegen  0.22/turn              g - ring of resist corrosion
MPRegen  0.13/turn              A - ring of fire

@: about to teleport, berserk cooldown
A: large bone plates 1, agile 1, clarity, clever 1, negative energy resistance
1, electricity resistance, unbreathing, petrification resistance, rot immunity,
AC +8
a: Curse Item, Scrying, Renounce Religion


You were on level 12 of the Dungeon.
You worshipped Ashenzari.
Ashenzari was most pleased with you.
You were very hungry.

You visited 2 branches of the dungeon, and saw 13 of its levels.
You also visited: Bailey.

You collected 1302 gold pieces.
You spent 75 gold pieces at shops.

Inventory:

Hand Weapons
 t - the +6 hand axe of Watchfulness (weapon) {freeze, MR- Str+8}
   (You found it on level 5 of the Dungeon)

   It has been specially enchanted to freeze those struck by it, causing extra
   injury to most foes and up to half again as much damage against particularly
   susceptible opponents.
   It can also slow down cold-blooded creatures.
   It affects your strength (+8).
   It affects your resistance to hostile enchantments.
 V - a +2 broad axe of flaming
Missiles
 r - 23 tomahawks (quivered)
 S - 15 javelins of returning
Armour
 d - a cursed +2 helmet (worn)
 j - a +0 pair of gloves (worn)
 n - a +0 pair of boots (worn)
 p - a cursed +0 shield (worn)
 s - a scarf of cloud immunity
 x - the +1 cloak "Xeerghac" (worn) {rF+}
   (You found it on level 4 of the Dungeon)

   It protects you from fire.
 J - a scarf of repulsion
 M - the cursed +0 plate armour of Qilueruo (worn) {Slay+4}
   (You found it on level 10 of the Dungeon)

   It affects your accuracy and damage with ranged weapons and melee attacks
   (+4).
   It has a curse placed upon it.
 T - a +0 crystal plate armour
Jewellery
 g - a ring of resist corrosion (left hand)
 y - an amulet of the acrobat (around neck)
 A - a ring of fire (right hand)
Wands
 h - a wand of flame (22)
 m - a wand of random effects (88)
 B - a wand of paralysis (15)
 C - a wand of acid (12)
 G - a wand of digging (12)
 H - a wand of enslavement (16)
 Q - a wand of iceblast (6)
Scrolls
 c - 3 scrolls of magic mapping
 q - 4 scrolls of teleportation
 D - a scroll of amnesia
Potions
 i - 4 potions of curing
 k - 2 potions of brilliance
 o - a potion of magic
 u - a potion of heal wounds
 v - 2 potions of mutation
 w - a potion of lignification
 z - 2 potions of haste
 F - 2 potions of berserk rage
 P - a potion of might
Comestibles
 f - 16 rations


   Skills:
 * Level 10.2 Fighting
 * Level 10.7 Axes
 * Level 10.2 Armour
 + Level 2.3 Dodging
 + Level 3.6 Stealth
 * Level 10.2(11.9) Shields


You had 11 spell levels left.
You didn't know any spells.
Your spell library contained the following spells:

 Spells                   Type           Power        Failure   Level  Hunger
 Magic Dart               Conj           #...         98%         1    ##.....
 Confuse                  Hex            #.......     100%        3    ####...
 Iskenderun's Mystic Bla  Conj           #.......     100%        4    #####..
 Confusing Touch          Hex            #.....       98%         1    ##.....
 Metabolic Englaciation   Hex/Ice        #.........   100%        5    ######.
 Petrify                  Tmut/Erth      #.......     100%        4    #####..
 Fulminant Prism          Conj/Hex       #.........   100%        4    #####..
 Dazzling Spray           Conj/Hex       #.....       100%        3    ####...
 Force Lance              Conj/Tloc      #.......     100%        4    #####..
 Searing Ray              Conj           #.....       99%         2    ###....
 Gell's Gravitas          Tloc           #.........   100%        3    ####...
 Yara's Violent Unravell  Hex/Tmut       #.........   100%        5    ######.


Dungeon Overview and Level Annotations

Branches:
Dungeon (12/15)            Temple (1/1) D:5            Lair (0/6) D:8
    Orc (0/2) D:11

Altars:
Ashenzari
Cheibriados
Dithmenos
Elyvilon
Fedhas
Gozag
Hepliaklqana
Kikubaaqudgha
Makhleb
Nemelex Xobeh
Okawaru
Qazlal
Ru
Sif Muna
Trog
Uskayaw
Vehumet
Wu Jian
Xom
Yredelemnul
Zin
The Shining One

Shops:
D:6 (   D:8 *


Innate Abilities, Weirdness & Mutations

You are resistant to torment.
Your stone body is resilient. (AC +8)
You are immune to poison.
You resist negative energy. (rN+)
You are resistant to electric shocks. (rElec)
You can survive without breathing.
You are immune to petrification.
You are immune to rotting.
You are partially covered in large bone plates. (SH +4)
You are agile. (Dex +2)
You possess an exceptional clarity of mind.
Your mind is acute. (Int +2)


Message History

* * * LOW HITPOINT WARNING * * *
The 16-headed hydra closely misses you. You block the 16-headed hydra's attack.
The 16-headed hydra bites you but does no damage. x2
The 16-headed hydra bites you.
* * * LOW HITPOINT WARNING * * *
The 16-headed hydra barely misses you.
The 16-headed hydra bites you but does no damage.
You block the 16-headed hydra's attack. The 16-headed hydra bites you.
* * * LOW HITPOINT WARNING * * *
You block the 16-headed hydra's attack. The 16-headed hydra barely misses you.
As you read the scroll of teleportation, it crumbles to dust.
You feel strangely unstable.
The 16-headed hydra bites you but does no damage.
You block the 16-headed hydra's attack. x2; The 16-headed hydra bites you.
* * * LOW HITPOINT WARNING * * *
The 16-headed hydra bites you.
* * * LOW HITPOINT WARNING * * *
The 16-headed hydra bites you but does no damage.
The 16-headed hydra barely misses you. The 16-headed hydra bites you.
You die...

* **,,,,,,,,,**,,,,,,,*
* **,*********....,,,*
* *,* *...,,,,* *,*
*...,,,,* ### ##+##
*..,,,,,* ).# ##...##
*O#****** #.###.....##
##.## #.##.......##
#...#
#.#)........####@#,**
..')........'..D.#<,***
#.#).......%#....#,,,,*
..##.......##.####***,*
..###.....###..,,*,,,,*
#.# ##...## ####,*,****
#.# ##+## *,*,* #.# *,*
*,,,* #.# *,* **,**


You could see a 16-headed hydra and an ogre.

Vanquished Creatures
  Erolcha (D:9)
  A two-headed ogre (D:9)
  Nergalle (D:11)
  Pikel (D:9)
  2 ugly things (D:11)
  A manticore (D:12)
  A centaur skeleton (D:10)
  A troll (D:10)
  Grinder (D:6)
  A polar bear (D:10)
  2 hippogriffs (D:10)
  Sigmund (D:2)
  18 yaks
  A wyvern (D:10)
  Edmund (D:5)
  2 sky beasts
  A porcupine (D:8)
  8 ice beasts
  4 slaves (D:9)
  16 orc warriors
  A swamp drake (D:11)
  An eye of draining (D:10)
  4 phantoms
  2 wolves (D:10)
  4 ogres
  10 centaurs
  A gnoll sergeant (D:10)
  8 bullfrogs
  A wyvern skeleton (D:11)
  2 scorpions
  3 killer bees (D:10)
  3 howler monkeys
  3 electric eels (D:10)
  7 crimson imps
  2 bullfrog zombies
  A centaur zombie (D:7)
  5 hounds
  2 jellies
  A quasit (D:8)
  7 orc priests
  Crazy Yiuf (D:2)
  2 bullfrog skeletons
  6 iguanas
  14 orc wizards
  7 worker ants
  A centaur simulacrum (D:10)
  A hound zombie (D:8)
  3 hound skeletons
  A killer bee simulacrum (D:10)
  2 worker ant zombies
  5 gnolls
  10 adders
  4 shadow imps
  10 white imps (D:10)
  3 worker ant simulacra (D:10)
  An ufetubus (D:10)
  An adder skeleton (D:10)
  2 worms (D:2)
  5 dart slugs
  6 leopard geckos
  74 orcs
  9 bats
  5 giant cockroaches
  8 goblins
  8 hobgoblins
  A jackal (D:3)
  7 kobolds
  6 quokkas
  3 frilled lizards
  3 jackal skeletons
  9 rats
  A fungus (D:8)
  2 plants
354 creatures vanquished.

Vanquished Creatures (others)
  A white imp (D:10)
1 creature vanquished.

Grand Total: 355 creatures vanquished

Notes
Turn   | Place    | Note
-------+----------+-------------------------------------------
     0 | D:1      | Lew the Gargoyle Fighter began the quest for the Orb.
     0 | D:1      | Reached XP level 1. HP: 14/14 MP: 1/1
   103 | D:1      | Reached XP level 2. HP: 19/19 MP: 2/2
   440 | D:1      | Reached XP level 3. HP: 23/23 MP: 3/3
   775 | D:2      | Noticed Sigmund
   779 | D:2      | Gained mutation: You possess an exceptional clarity of mind. [potion of mutation]
   779 | D:2      | Gained mutation: You are agile. (Dex +2) [potion of mutation]
   779 | D:2      | Gained mutation: You are partially covered in large bone plates. (SH +4) [potion of mutation]
   779 | D:2      | Gained mutation: Your mind is acute. (Int +2) [potion of mutation]
   814 | D:2      | HP: 1/23 [goblin/club (2)]
  1128 | D:2      | Killed Sigmund
  1128 | D:2      | Reached XP level 4. HP: 29/29 MP: 4/4
  1128 | D:2      | Reached XP level 5. HP: 33/33 MP: 5/5
  1339 | D:2      | Found a runed door.
  1343 | D:2      | Noticed Crazy Yiuf
  1349 | D:2      | Killed Crazy Yiuf
  1349 | D:2      | Reached XP level 6. HP: 28/39 MP: 6/6
  2821 | D:4      | Reached XP level 7. HP: 44/44 MP: 7/7
  3285 | D:4      | Got a bloodstained cloak
  3296 | D:4      | Identified the +1 cloak "Xeerghac" {rF+} (You found it on level 4 of the Dungeon)
  3307 | D:5      | Entered Level 5 of the Dungeon
  3372 | D:5      | Found a shimmering altar of Xom.
  3418 | D:5      | Got a slimy hand axe
  3419 | D:5      | Identified the +6 hand axe of Watchfulness {freeze, MR- Str+8} (You found it on level 5 of the Dungeon)
  3479 | D:5      | Reached skill level 5 in Fighting
  3483 | D:5      | Reached skill level 5 in Armour
  3484 | D:5      | Reached skill level 5 in Shields
  3627 | D:5      | Reached skill level 5 in Axes
  3630 | D:5      | Noticed Edmund
  3639 | D:5      | Killed Edmund
  3654 | D:5      | Found a stormy altar of Qazlal.
  3719 | D:5      | Reached XP level 8. HP: 49/50 MP: 8/8
  3720 | D:5      | Found a staircase to the Ecumenical Temple.
  3839 | D:5      | Found a basalt altar of Yredelemnul.
  4010 | Temple   | Entered the Ecumenical Temple
  4244 | Temple   | Became a worshipper of Ashenzari the Shackled
  4587 | D:6      | Found a glowing golden altar of the Shining One.
  4615 | D:6      | Noticed a yak
  4615 | D:6      | Noticed a yak
  4617 | D:6      | Noticed a yak
  4618 | D:6      | Noticed a yak
  4619 | D:6      | Noticed a yak
  4622 | D:6      | Killed a yak
  4626 | D:6      | Killed a yak
  4634 | D:6      | Killed a yak
  4634 | D:6      | Reached XP level 9. HP: 27/56 MP: 9/9
  4973 | D:6      | Found Plog's Weapon Shoppe.
  5080 | D:6      | Found a blossoming altar of Fedhas.
  5170 | D:6      | Noticed Grinder
  5175 | D:6      | Paralysed by Grinder for 6 turns
  5183 | D:6      | Killed Grinder
  5210 | D:6      | Got the uncursed leather armour "Nifig" {rCorr Int+7 Dex-3}
  5211 | D:6      | Identified the +1 leather armour "Nifig" {rCorr Int+7 Dex-3} (You found it on level 6 of the Dungeon)
  6162 | D:8      | Reached * piety under Ashenzari
  6170 | D:8      | Reached XP level 10. HP: 63/63 MP: 10/10
  6402 | D:8      | Found a staircase to the Lair.
  6464 | D:8      | Found Liucwuah's General Store.
  6492 | D:8      | Bought a scroll of remove curse for 45 gold pieces
  6492 | D:8      | Bought a scroll of identify for 30 gold pieces
  6705 | D:8      | Found a shadowy altar of Dithmenos.
  7041 | D:9      | Noticed a two-headed ogre
  7044 | D:9      | Noticed Erolcha
  7054 | D:9      | Killed a two-headed ogre
  7058 | D:9      | Killed Erolcha
  7294 | D:9      | Reached ** piety under Ashenzari
  7525 | D:9      | Noticed Pikel
  7539 | D:9      | Killed Pikel
  7563 | D:9      | Found a hide-covered altar of Uskayaw.
  7769 | D:10     | Entered Level 10 of the Dungeon
  7787 | D:10     | Got the cursed plate armour of Qilueruo {Slay+4}
  7788 | D:10     | Identified the cursed +0 plate armour of Qilueruo {Slay+4} (You found it on level 10 of the Dungeon)
  7878 | D:10     | Reached XP level 11. HP: 62/69 MP: 11/11
  8072 | D:10     | Reached skill level 10 in Axes
  8337 | D:10     | Reached skill level 1 in Stealth
  8380 | D:10     | Reached skill level 1 in Dodging
  8803 | D:11     | Noticed a green ugly thing
  8814 | D:11     | Killed a green ugly thing
  8930 | D:11     | Found a staircase to the Orcish Mines.
  9022 | D:11     | Noticed Nergalle
  9035 | D:11     | Killed Nergalle
  9294 | D:11     | Noticed a green ugly thing
  9307 | D:11     | Killed a green ugly thing
  9384 | D:11     | Reached XP level 12. HP: 70/77 MP: 12/12
  9524 | D:12     | Found a flagged portal.
  9580 | D:12     | Reached skill level 10 in Fighting
  9580 | D:12     | Reached skill level 10 in Armour
  9580 | D:12     | Reached skill level 10 in Shields
  9631 | Bailey   | Entered a bailey
  9634 | Bailey   | Reached *** piety under Ashenzari
 10561 | D:12     | Identified a scroll of acquirement
 10636 | D:12     | Found a glowing silver altar of Zin.
 10673 | D:12     | Noticed an eight-headed hydra
 10981 | D:12     | HP: 3/77 [16-headed hydra (5)]
 10981 | D:12     | Slain by a 16-headed hydra

Skill      XL: |  1  2  3  4  5  6  7  8  9 10 11 12 |
---------------+-------------------------------------+-----
Axes           | 2 3 4 5 6 8 9 10 | 10.7
Fighting       | 4 5 6 7 8 9 10 | 10.2
Armour         | 4 5 6 7 8 9 10 | 10.2
Shields        | 4 5 6 7 8 9 10 | 10.2
Stealth        | 3 |  3.6
Dodging        | 1 2 |  2.3

Action                   |  1- 3 |  4- 6 |  7- 9 | 10-12 || total
-------------------------+-------+-------+-------+-------++-------
Melee: War axe           |    91 |   190 |    41 |       ||   322
       Hand axe          |       |       |   214 |   570 ||   784
Invok: Curse Item        |       |       |       |     2 ||     2
Evoke: Wand              |       |       |       |     6 ||     6
  Use: Scroll            |     6 |     7 |     9 |    19 ||    41
       Potion            |     3 |     2 |     2 |     5 ||    12
 Stab: Paralysed         |       |       |       |     3 ||     3
  Eat: Ration            |       |     2 |     3 |     3 ||     8
       Chunk             |       |       |     3 |     2 ||     5
Armor: Scale mail        |    51 |    65 |    82 |     9 ||   207
       Plate armour      |       |       |       |   261 ||   261
Dodge: Dodged            |    19 |    45 |    54 |   198 ||   316
Block: Shield            |    55 |   145 |   171 |   517 ||   888
